 Dungeon Crawl Stone Soup version 0.32-a0-7-ge934b4519a (webtiles) character file.

Game seed: 11950403689267642519

466 NotreDorf the Changeling (level 7, -1/78 HPs)
             Began as a Merfolk Shapeshifter on Jan 13, 2024.
             Was a Follower of Trog.
             Slain by a gnoll
             ... wielding a +0 halberd
             ... led by a gnoll bouda
              (14 damage)
             ... on level 4 of the Dungeon.
             The game lasted 00:06:50 (2545 turns).

NotreDorf the Changeling (Merfolk Shapeshifter)     Turns: 2545, Time: 00:06:51

Health: -1/78      AC:  2    Str: 16    XL:     7   Next: 8%
Magic:  7/7        EV: 14    Int:  9    God:    Trog [*.....]
Gold:   185        SH:  0    Dex: 14    Spells: 6/6 levels left

rFire   . .          .
                       - Unarmed
rCold   . . .        (no shield)
rNeg    . . .        a - +0 animal skin
rPois   .            (helmet currently unavailable)
rElec   .            (cloak currently unavailable)
rCorr   .            (gloves currently unavailable)
SInv    .            (boots currently unavailable)
Will    .....        h - amulet of regeneration Stlth
                     (no ring)
HPRegen 1.13/turn    (no ring)
MPRegen 0.10/turn

%: no passive effects
@: berserking (expiring), beast-form, very quick
A: beast (slay +3), (nimble swimmer 2), mertail
a: Begin Untransformation, Renounce Religion, Berserk


You were on level 4 of the Dungeon.
You worshipped Trog.
Trog was aware of your devotion.
You were a hulking beast.
You visited 1 branch of the dungeon, and saw 4 of its levels.

You collected 185 gold pieces.

Inventory:

Hand Weapons
 l - a +2 dagger of venom
Armour
 a - a +0 animal skin (worn)
 q - a +0 leather armour
 t - a +0 pair of gloves
 v - a +2 helmet
Jewellery
 h - an amulet of regeneration (around neck)
Talismans
 c - a beast talisman
 d - a flux talisman
Scrolls
 i - 4 scrolls of teleportation {unknown}
 j - 3 scrolls of identify {unknown}
 k - 2 scrolls of poison {unknown}
 m - a scroll of vulnerability {unknown}
 o - a scroll of revelation {unknown}
 u - 3 scrolls of fear {unknown}
 w - a scroll of blinking {unknown}
Potions
 b - a potion of lignification
 e - a potion of attraction {unknown}
 f - a potion of degeneration {unknown}
 g - 5 potions of brilliance {unknown}
 n - a potion of haste {unknown}
 p - 5 potions of curing {unknown}
 r - a potion of might {unknown}
 s - a potion of heal wounds {unknown}


   Skills:
 + Level 3.4 Fighting
 + Level 4.9 Dodging
 + Level 3.5 Stealth
 + Level 4.8 Unarmed Combat
 + Level 5.5 Shapeshifting


You had 6 spell levels left.
You didn't know any spells.
Your spell library was empty.

Dungeon Overview and Level Annotations

Branches:
Dungeon (4/15)
 Temple: D:4-7

Altars:
Kikubaaqudgha
Trog
Wu Jian

Shops:
D:2 *


Innate Abilities, Weirdness & Mutations

You are a hulking beast.
Your limbs bulge with bestial killing power. (Slay +3)
((You are very nimble when in or above water. (Stealth+, EV+, Speed+++)))
Your lower body shifts to a powerful aquatic tail in water.


Message History

You hit the gnoll bouda.
The gnoll bouda is severely wounded.
The gnoll bouda barks out a call to the hunt!
The gnoll picks up the pace!
The gnoll hits you from afar with a +0 spear.
A red film seems to cover your vision as you go berserk!
You feel yourself moving faster!
You feel mighty!
Your attacks no longer feel as feeble.
The gnoll bouda barely misses you. The gnoll barely misses you.
You closely miss the gnoll bouda.
The gnoll bouda is severely wounded.
You barely miss the gnoll bouda.
The gnoll bouda is severely wounded.
The gnoll hits you from afar with a +0 spear!
The gnoll bouda barely misses you.
You punch the gnoll bouda!
You kill the gnoll bouda!
Trog accepts your kill. The gnoll misses you.
You have reached level 7!
The gnoll hits you from afar with a +0 halberd!
You hit the gnoll.
The gnoll is moderately wounded.
The gnoll hits you with a +0 club. The gnoll barely misses you. x2
You pummel the gnoll!!
You kill the gnoll!
Trog accepts your kill. The gnoll hits you with a +0 spear!
The gnoll completely misses you.
You punch the gnoll!
You kill the gnoll!
Trog accepts your kill.
You barely miss the gnoll. The gnoll hits you with a +0 halberd.
You closely miss the gnoll. You closely miss the gnoll.
The gnoll hits you with a +0 halberd!
* * * LOW HITPOINT WARNING * * *
You hit the gnoll.
The gnoll is heavily wounded.
The gnoll hits you with a +0 halberd!
You die...

############
##....#.....#########
..............)......
#.#..#.###.###...###
#)...###.###...##
#h)....#........##
#....g.####.########...
#...#### .# #### #>. .
## ## ####


You could see a gnoll (swift).

Vanquished Creatures
  Sigmund (D:3)
  A phantom (D:4)
  A gnoll bouda (D:4)
  Jessica (D:2)
  An iguana (D:4)
  2 gnolls (D:4)
  7 adders
  An orc (D:4)
  9 ball pythons
  5 endoplasms
  5 giant cockroaches
  10 goblins
  9 hobgoblins
  2 jackals (D:2)
  5 kobolds
  A quokka (D:1)
  5 bats
  A frilled lizard (D:1)
  5 rats
72 creatures vanquished.

Notes
Turn   | Place    | Note
-------+----------+-------------------------------------------
     0 | D:1      | NotreDorf the Merfolk Shapeshifter began the quest for the
                  | Orb.
     0 | D:1      | Reached XP level 1. HP: 15/15 MP: 1/1
   182 | D:1      | Reached XP level 2. HP: 21/21 MP: 2/2
   487 | D:2      | Reached skill level 1 in Stealth
   487 | D:2      | Reached XP level 3. HP: 19/27 MP: 3/3
   545 | D:2      | Found a bloodstained altar of Trog.
   553 | D:2      | Became a worshipper of Trog the Wrathful
   567 | D:2      | Noticed Jessica
   576 | D:2      | Killed Jessica
   605 | D:2      | Reached XP level 4. HP: 31/33 MP: 4/4
   845 | D:2      | Found Xihul's Assorted Antiques.
  1361 | D:3      | Reached * piety under Trog
  1531 | D:3      | Found an ornate altar of the Wu Jian Council.
  1533 | D:3      | Found an ancient bone altar of Kikubaaqudgha.
  1602 | D:3      | Reached XP level 5. HP: 34/39 MP: 5/5
  1613 | D:3      | Noticed Sigmund
  1628 | D:3      | Killed Sigmund
  1629 | D:3      | Reached skill level 5 in Shapeshifting
  1629 | D:3      | Reached XP level 6. HP: 44/47 MP: 6/6
  2537 | D:4      | Reached XP level 7. HP: 42/52 MP: 7/7
  2545 | D:4      | Slain by a gnoll

Illustrated notes

Levels and vault maps discovered:
D:1:      scummos_arrival_star, layout_rooms, interstate_on_off
D:2:      layout_basic, serial_shops, nicolae_shop_tiny_glass, basic_altar,
          grunt_decor_fettered, uniq_jessica
D:3:      layout_basic, nicolae_overflow_hidden_temple, uniq_sigmund
D:4:      layout_basic, marbit_many_paths, kennysheep_small_square

Skill      XL: |  1  2  3  4  5  6 |
---------------+-------------------+-----
Dodging        | 3 4 |  4.9
Stealth        | 1 2 3 |  3.5
Fighting       | 2 3 |  3.4
Unarmed Combat | 4 |  4.8
Shapeshifting  | 5 |  5.5

Action                     |  1- 3 |  4- 6 |  7- 9 || total
---------------------------+-------+-------+-------++-------
  Melee: Unarmed           |    63 |   134 |     7 ||   204
         Punch             |       |     5 |       ||     5
 Invoke: Berserk           |       |     1 |       ||     1
   Stab: Sleeping          |     1 |     7 |       ||     8
 Armour: Animal skin       |    25 |    56 |     6 ||    87
  Dodge: Dodged            |    39 |    68 |     3 ||   110

Table legend: (Time is in decaauts)
 A = Elapsed time spent in this place.
 B = Non-inter-level travel time spent in this place.
 C = Inter-level travel time spent in this place.
 D = Time resting spent in this place.
 E = Time spent auto-exploring this place.
 F = Levels seen in this place.
 G = Mean time per level.
                   A        B        C        D        E       F      G
               +--------+--------+--------+--------+--------+-----+--------+
         Total |   2525 |   2445 |     80 |      0 |   1913 |   4 |  631.2 |
       Dungeon |   2525 |   2445 |     80 |      0 |   1913 |   4 |  631.2 |
               +--------+--------+--------+--------+--------+-----+--------+

Top non-repeatable levels by time:
     D:2: 855 daAuts
     D:3: 630 daAuts
     D:4: 604 daAuts
     D:1: 435 daAuts
